[Event "ICC tourney 2770 (30 10)"]
[Site "Internet Chess Club"]
[Date "2021.12.18"]
[Round "2"]
[White "YAN, RUIYANG:jy2020"]
[Black "Turcotte, Jonathan:JonnyTurgi"]
[Result "1-0"]
[ICCResult "Black resigns"]
[WhiteElo "2151"]
[BlackElo "2000"]
[Opening "Caro-Kann: two knights, 3...Bg4"]
[ECO "B10"]
[NIC "CK.01"]
[Time "15:00:35"]
[PlyCount "67"]
[TimeControl "1800+10"]

1. e4 c6 2. Nf3 d5 3. Nc3 Bg4 4. h3 Bxf3 5. Qxf3 Nf6 6. Be2 e6 7. O-O Be7 8.
d4 O-O 9. e5 Nfd7 10. Qg3 Re8 11. Nd1 c5 12. c3 Nc6 13. Be3 Qb6 14. Qg4 Rac8
15. a3 cxd4 16. cxd4 f5 17. exf6 Bxf6 18. Nc3 Nxd4 19. Bd3 Qxb2 20. Nxd5
exd5 21. Qxd7 Rcd8 22. Qg4 Qc3 23. Rfd1 Nc2 24. Rac1 Nxe3 25. fxe3 Qe5 26.
Kh1 Qxe3 27. Qf5 Qh6 28. Rc7 Re5 29. Qg4 Rde8 30. Rf1 Re1 31. Qd7 Qh5 32.
Rxb7 h6 33. Rxa7 Qd1 34. Qxe8+ {Black resigns} 1-0

[Event "ICC tourney 2770 (30 10)"]
[Site "Internet Chess Club"]
[Date "2021.12.18"]
[Round "2"]
[White "GANT, CHRISTOPHER JEFFREY:Baggie"]
[Black "HO, CARTER:corviknight"]
[Result "1/2-1/2"]
[ICCResult "Game drawn by repetition"]
[WhiteElo "2200"]
[BlackElo "1978"]
[Opening "Neo-Grünfeld, 6.O-O c6"]
[ECO "D78"]
[NIC "QP.08"]
[Time "15:00:20"]
[PlyCount "85"]
[TimeControl "1800+10"]

1. d4 d5 2. Nf3 Nf6 3. c4 c6 4. g3 g6 5. Bg2 Bg7 6. O-O O-O 7. Nc3 e6 8. Bf4
Nbd7 9. b3 b6 10. Qd2 Bb7 11. Bh6 Qe7 12. Rfe1 c5 13. Bxg7 Kxg7 14. cxd5
Nxd5 15. e4 Nxc3 16. Qxc3 cxd4 17. Qxd4+ e5 18. Qb2 f6 19. Nd2 Nc5 20. Qa3
Qd7 21. Nc4 Rfd8 22. h3 Ne6 23. Red1 Nd4 24. Qb2 b5 25. Ne3 Rac8 26. Rac1 f5
27. Rxc8 Rxc8 28. f4 Bxe4 29. fxe5 Rd8 30. e6 Qd6 31. e7 Qxg3 32. exd8=Q
Qxe3+ 33. Qf2 Ne2+ 34. Kf1 Ng3+ 35. Kg1 Ne2+ 36. Kf1 Ng3+ 37. Kg1 Ne2+ 38.
Kf1 Ng3+ 39. Kg1 Ne2+ 40. Kf1 Ng3+ 41. Kg1 Ne2+ 42. Kf1 Ng3+ 43. Kg1
{Game drawn by repetition}
1/2-1/2

[Event "ICC tourney 2770 (30 10)"]
[Site "Internet Chess Club"]
[Date "2021.12.18"]
[Round "2"]
[White "IVANOV, ALEXANDER:marble"]
[Black "Belous, Vladimir:Openyagami"]
[Result "1/2-1/2"]
[ICCResult "Game drawn by mutual agreement"]
[WhiteElo "2413"]
[BlackElo "2567"]
[Opening "Sicilian defense"]
[ECO "B40"]
[NIC "SI.43"]
[Time "15:00:18"]
[PlyCount "113"]
[TimeControl "1800+10"]

1. e4 c5 2. Nf3 e6 3. c3 Nf6 4. e5 Nd5 5. d4 cxd4 6. cxd4 d6 7. a3 Bd7 8.
Bd3 Bc6 9. O-O Nd7 10. Bd2 Be7 11. Nc3 O-O 12. Qe2 dxe5 13. dxe5 Nc5 14. Bc2
Nxc3 15. Bxc3 Na4 16. Bb4 Nxb2 17. Be4 Bxe4 18. Qxe4 Bxb4 19. Qxb4 Qb6 20.
Qxb6 axb6 21. Rfb1 Nc4 22. a4 Rfc8 23. Rb4 h6 24. h4 Rc5 25. Re1 Kf8 26. Re4
Rac8 27. h5 Ke7 28. g3 f5 29. exf6+ gxf6 30. Nd4 e5 31. Nf5+ Ke6 32. g4 R5c6
33. Nd4+ Kd5 34. Nxc6 Rxc6 35. Re2 Kd4 36. Rb3 e4 37. Kg2 Rc8 38. Kg3 e3 39.
fxe3+ Ke4 40. Rc2 Rc5 41. Rbc3 Kd5 42. e4+ Kd4 43. Rxc4+ Rxc4 44. Rxc4+ Kxc4
45. Kf3 b5 46. axb5 Kxb5 47. e5 Kc6 48. Kf4 Kd7 49. Kf5 fxe5 50. g5 Ke7 51.
g6 Kf8 52. Kxe5 Kg7 53. Kd5 Kg8 54. Kc5 Kg7 55. Kb6 Kg8 56. Kxb7 Kg7 57. Ka8
{Game drawn by mutual agreement}
1/2-1/2

[Event "ICC tourney 2770 (30 10)"]
[Site "Internet Chess Club"]
[Date "2021.12.18"]
[Round "2"]
[White "HEBDEN, MARK L:mhebden"]
[Black "DIEP, ANDREW:hydroblade"]
[Result "1-0"]
[ICCResult "Black resigns"]
[WhiteElo "2505"]
[BlackElo "2031"]
[Opening "Caro-Kann: Panov-Botvinnik attack, 5...g6"]
[ECO "B14"]
[NIC "CK.03"]
[Time "15:00:11"]
[PlyCount "119"]
[TimeControl "1800+10"]

1. e4 c6 2. d4 d5 3. exd5 cxd5 4. c4 Nf6 5. Nc3 g6 6. Qb3 Bg7 7. cxd5 O-O 8.
Bg5 Nbd7 9. Nf3 Nb6 10. Bxf6 Bxf6 11. Be2 e6 12. d6 Qxd6 13. Ne4 Qe7 14.
Nxf6+ Qxf6 15. O-O Rd8 16. a4 Nd5 17. Rfd1 b6 18. Ne5 Bb7 19. Bf3 Qe7 20. a5
Rac8 21. axb6 axb6 22. Ra7 Rc7 23. Rxb7 Rxb7 24. Nc6 Qd6 25. Nxd8 Qxd8 26.
g3 Rc7 27. Ra1 Kg7 28. h4 h5 29. Kg2 Rd7 30. Ra6 Qc8 31. Qa4 Rd6 32. Qa3 Qd8
33. Ra8 Qc7 34. Bxd5 exd5 35. Rc8 Qxc8 36. Qxd6 Qe6 37. Qxe6 fxe6 38. Kf3 b5
39. Kf4 Kf6 40. b4 e5+ 41. dxe5+ Ke6 42. f3 d4 43. Ke4 d3 44. Kxd3 Kxe5 45.
Ke3 Kd5 46. g4 Kc4 47. f4 Kd5 48. gxh5 gxh5 49. Kd3 Ke6 50. Ke4 Kf6 51. f5
Kf7 52. Ke5 Ke7 53. f6+ Kf7 54. Kf5 Kf8 55. Kg6 Kg8 56. Kxh5 Kf7 57. Kg5 Kf8
58. Kg6 Kg8 59. f7+ Kf8 60. h5 {Black resigns} 1-0

[Event "ICC tourney 2770 (30 10)"]
[Site "Internet Chess Club"]
[Date "2021.12.18"]
[Round "2"]
[White "AZAROV, SERGEI:Sergeiaza"]
[Black "PANESAR, VEDANT:fighter098"]
[Result "1-0"]
[ICCResult "Black resigns"]
[WhiteElo "2650"]
[BlackElo "2429"]
[Opening "Giuoco Piano"]
[ECO "C54"]
[NIC "IG.02"]
[Time "15:00:34"]
[PlyCount "95"]
[TimeControl "1800+10"]

1. e4 e5 2. Nf3 Nc6 3. Bc4 Bc5 4. c3 Nf6 5. d3 d6 6. Bg5 h6 7. Bh4 g5 8. Bg3
Qe7 9. O-O Bg4 10. Nbd2 h5 11. h4 Nh7 12. a4 a5 13. Qb3 O-O-O 14. Bd5 Rhg8
15. d4 exd4 16. cxd4 Bb4 17. Rac1 Bd7 18. Nc4 g4 19. Bxc6 Bxc6 20. d5 gxf3
21. dxc6 fxg2 22. cxb7+ Kb8 23. Rfe1 Qe6 24. Kxg2 Nf8 25. Qd3 Ng6 26. Kh2
Ne5 27. Nxe5 dxe5 28. Qc2 Rd7 29. Red1 Rgd8 30. Rd5 f6 31. Qc4 Qb6 32. Rcd1
Rxd5 33. Rxd5 Rxd5 34. Qxd5 Qxb7 35. Qd8+ Ka7 36. Qxf6 Bd6 37. Qf5 Qxb2 38.
Qxh5 Qc2 39. Qf5 Qxa4 40. h5 Qe8 41. Qg6 Qf8 42. h6 a4 43. h7 a3 44. Qg8
Qh6+ 45. Kg2 Kb7 46. h8=Q Qxh8 47. Qxh8 a2 48. Qh1 {Black resigns} 1-0

[Event "ICC tourney 2770 (30 10)"]
[Site "Internet Chess Club"]
[Date "2021.12.18"]
[Round "2"]
[White "YANG, KAIQI:YKQ"]
[Black "SRIPADA, HAVISH:brilliantnessme"]
[Result "1-0"]
[ICCResult "Black checkmated"]
[WhiteElo "2531"]
[BlackElo "1925"]
[Opening "Sicilian: closed"]
[ECO "B23"]
[NIC "SI.44"]
[Time "15:00:28"]
[PlyCount "105"]
[TimeControl "1800+10"]

1. e4 c5 2. Nc3 d6 3. d4 cxd4 4. Qxd4 a6 5. b3 Nc6 6. Qd2 Nf6 7. Bb2 e6 8.
O-O-O Be7 9. f4 b5 10. Bd3 Bb7 11. Nf3 O-O 12. g4 d5 13. e5 b4 14. Na4 Ne4
15. Qe3 Qc7 16. f5 exf5 17. gxf5 f6 18. e6 Bd6 19. Kb1 Ne7 20. Nd4 Nc3+ 21.
Bxc3 bxc3 22. Rhg1 Kh8 23. Rg4 Ng8 24. Rdg1 Bxh2 25. Rxg7 Bxg1 26. Rxg1 Qe5
27. Qf2 Ne7 28. Nb6 Qd6 29. Ne2 Rad8 30. Nd7 Rg8 31. Nxf6 Rxg1+ 32. Qxg1 d4
33. Nd7 Rg8 34. Qc1 Bf3 35. Nf4 Nd5 36. Ng6+ Kg7 37. Nh4 Bh5 38. a3 Kh8 39.
Ka2 Ne3 40. Nf6 Qg3 41. Qh1 Rg5 42. Qa8+ Rg8 43. Nxg8 Qxg8 44. Qe4 Qg4 45.
Qe5+ Kg8 46. f6 Be8 47. Nf5 Nxf5 48. Bxf5 Qh5 49. Qg3+ Bg6 50. Qb8+ Be8 51.
f7+ Kf8 52. Qxe8+ Kg7 53. f8=Q# {Black checkmated} 1-0

[Event "ICC tourney 2770 (30 10)"]
[Site "Internet Chess Club"]
[Date "2021.12.18"]
[Round "2"]
[White "NGUYEN, TIEN:ngthanhthuytien"]
[Black "Gaw, Chloe:HarleyQueen8"]
[Result "1-0"]
[ICCResult "Black resigns"]
[WhiteElo "2100"]
[BlackElo "1977"]
[Opening "Sicilian: Prins (Moscow) variation"]
[ECO "B55"]
[NIC "SI.01"]
[Time "15:00:33"]
[PlyCount "111"]
[TimeControl "1800+10"]

1. Nf3 c5 2. e4 d6 3. d4 cxd4 4. Nxd4 Nf6 5. f3 Nc6 6. c4 e6 7. Nc3 d5 8.
cxd5 exd5 9. Bb5 Bd7 10. exd5 Nxd4 11. Bxd7+ Qxd7 12. Qxd4 Rd8 13. O-O Be7
14. Bf4 O-O 15. Rad1 Bd6 16. Bxd6 Qxd6 17. Ne4 Qa6 18. Nxf6+ Qxf6 19. Qxf6
gxf6 20. Rfe1 Rd7 21. Rd4 Rfd8 22. Red1 Rd6 23. Kf2 Kf8 24. Kg3 Ke7 25. Re4+
Kf8 26. Red4 Ke7 27. Kh4 Rg8 28. Rg4 Rgd8 29. Re4+ Re6 30. Kh5 f5 31. Rxe6+
fxe6 32. d6+ Kd7 33. Rd2 Rf8 34. Kg5 Rg8+ 35. Kh6 Rg6+ 36. Kxh7 Rg5 37. Kh6
Rg8 38. h4 Rg3 39. h5 b6 40. Kh7 e5 41. Rd5 Rxg2 42. Rxe5 Kxd6 43. Rxf5 Ke6
44. Rb5 Kf6 45. h6 Rg3 46. f4 Rg4 47. Rg5 Rxf4 48. Rg7 a5 49. Kg8 Rd4 50.
Rf7+ Kg6 51. h7 Rh4 52. Rg7+ Kf6 53. h8=Q Rxh8+ 54. Kxh8 b5 55. Rb7 b4 56.
Rb5 {Black resigns} 1-0

[Event "ICC tourney 2770 (30 10)"]
[Site "Internet Chess Club"]
[Date "2021.12.18"]
[Round "3"]
[White "SHEEHAN, ETHAN THOMAS:Chessking2008"]
[Black "DIEP, ANDREW:hydroblade"]
[Result "1-0"]
[ICCResult "Black resigns"]
[WhiteElo "2194"]
[BlackElo "2031"]
[Opening "King's Indian: orthodox, Aronin-Taimanov, bayonet attack"]
[ECO "E97"]
[NIC "KI.05"]
[Time "17:01:17"]
[PlyCount "51"]
[TimeControl "1800+10"]

1. c4 Nf6 2. Nc3 g6 3. e4 d6 4. d4 Bg7 5. Nf3 O-O 6. Be2 e5 7. O-O Nc6 8. d5
Ne7 9. b4 Nh5 10. Re1 h6 11. Nd2 Nf4 12. Bf1 f5 13. g3 Nh5 14. exf5 Rxf5 15.
g4 Rg5 16. f3 Nf5 17. Nde4 Nf4 18. Nxg5 Qxg5 19. Ne4 Qh4 20. gxf5 gxf5 21.
Ng3 e4 22. Rb1 Nd3 23. Bxd3 exd3 24. Qxd3 f4 25. Qg6 Bf5 26. Qxg7+
{Black resigns}
1-0

[Event "ICC tourney 2770 (30 10)"]
[Site "Internet Chess Club"]
[Date "2021.12.18"]
[Round "3"]
[White "MARKOVIC, GORAN:Goran21"]
[Black "YAN, RUIYANG:jy2020"]
[Result "1-0"]
[ICCResult "Black resigns"]
[WhiteElo "1989"]
[BlackElo "2151"]
[Opening "Sicilian defense"]
[ECO "B20"]
[NIC "SI.48"]
[Time "17:00:25"]
[PlyCount "79"]
[TimeControl "1800+10"]

1. e4 c5 2. d3 d6 3. g3 g6 4. Bg2 Bg7 5. Nf3 Nc6 6. O-O e6 7. Nc3 Nge7 8.
Nh4 O-O 9. f4 Nd4 10. Ne2 f5 11. c3 Nxe2+ 12. Qxe2 Nc6 13. Be3 Rb8 14. Rae1
Qc7 15. h3 Qe7 16. Bf2 Qf7 17. Nf3 h6 18. e5 Qe7 19. Qe3 dxe5 20. fxe5 b6
21. Nh4 Nxe5 22. d4 g5 23. Nxf5 exf5 24. dxe5 Be6 25. b3 Rbd8 26. c4 Kh8 27.
Rd1 Rxd1 28. Rxd1 Rd8 29. Re1 Qf7 30. Qf3 Re8 31. Qc6 Rd8 32. Bf3 Qd7 33.
Rd1 Qxd1+ 34. Bxd1 Rxd1+ 35. Kg2 Bd7 36. Qg6 Rd2 37. Kf1 f4 38. e6 fxg3 39.
Bxg3 Bc6 40. e7 {Black resigns} 1-0

[Event "ICC tourney 2770 (30 10)"]
[Site "Internet Chess Club"]
[Date "2021.12.18"]
[Round "3"]
[White "IVANOV, ALEXANDER:marble"]
[Black "CRG, Krishna:crg"]
[Result "1-0"]
[ICCResult "Black resigns"]
[WhiteElo "2413"]
[BlackElo "2562"]
[Opening "French: Tarrasch, closed variation"]
[ECO "C05"]
[NIC "FR.16"]
[Time "17:08:44"]
[PlyCount "57"]
[TimeControl "1800+10"]

1. e4 e6 2. d4 d5 3. Nd2 Nf6 4. e5 Nfd7 5. c3 c5 6. f4 Nc6 7. Ndf3 a5 8. Bd3
a4 9. Ne2 Be7 10. O-O f5 11. h3 Nb6 12. dxc5 Bxc5+ 13. Kh1 O-O 14. Ned4 Bd7
15. Be3 Qe7 16. Qe2 Nxd4 17. Bxd4 Rfc8 18. a3 Ra5 19. Bxc5 Raxc5 20. g4 Nc4
21. gxf5 exf5 22. Nd4 g6 23. Rf3 Be8 24. Rg1 Kh8 25. Rfg3 Bf7 26. e6 Bg8 27.
Bxf5 gxf5 28. Qg2 Bxe6 29. Rg7 {Black resigns} 1-0

[Event "ICC tourney 2770 (30 10)"]
[Site "Internet Chess Club"]
[Date "2021.12.18"]
[Round "3"]
[White "MATINIAN, NIKITA:gannikus1992"]
[Black "Volkov, Sergey:Volkov"]
[Result "1-0"]
[ICCResult "Black resigns"]
[WhiteElo "2504"]
[BlackElo "2573"]
[Opening "French: MacCutcheon, Dr. Olland (Dutch) variation"]
[ECO "C12"]
[NIC "FR.05"]
[Time "17:00:58"]
[PlyCount "63"]
[TimeControl "1800+10"]

1. e4 e6 2. d4 d5 3. Nc3 Nf6 4. Bg5 Bb4 5. e5 h6 6. Bc1 Nfd7 7. Qg4 Bf8 8.
Nf3 a6 9. Be3 b5 10. Bd3 c5 11. dxc5 Nc6 12. Qg3 Qc7 13. O-O g5 14. Rfe1
Nxc5 15. h4 gxh4 16. Qxh4 Bb7 17. Qf6 Rg8 18. Nxd5 exd5 19. Bxc5 Bxc5 20. e6
Bxf2+ 21. Kxf2 Qg3+ 22. Ke2 fxe6 23. Kd2 Bc8 24. Rxe6+ Bxe6 25. Qxe6+ Ne7
26. Re1 Ra7 27. Ne5 Qf4+ 28. Kd1 Rxg2 29. Be2 Rc7 30. Rf1 Rg1 31. Bh5+ Kf8
32. Qxh6+ {Black resigns} 1-0

[Event "ICC tourney 2770 (30 10)"]
[Site "Internet Chess Club"]
[Date "2021.12.18"]
[Round "3"]
[White "SRISHTI, PANDEY:Trisha018"]
[Black "LIANG, YU-CHENG:Yucheng"]
[Result "0-1"]
[ICCResult "White resigns"]
[WhiteElo "2200"]
[BlackElo "2036"]
[Opening "Bogo-Indian defense, Nimzovich variation"]
[ECO "E11"]
[NIC "QI.01"]
[Time "17:00:21"]
[PlyCount "82"]
[TimeControl "1800+10"]

1. d4 Nf6 2. c4 e6 3. Nf3 Bb4+ 4. Bd2 Qe7 5. g3 Nc6 6. Nc3 Bxc3 7. Bxc3 Ne4
8. Rc1 Nxc3 9. Rxc3 O-O 10. Bg2 d6 11. d5 exd5 12. cxd5 Ne5 13. O-O Nxf3+
14. Bxf3 Bh3 15. Re1 Rac8 16. Qd4 b6 17. b4 f5 18. Rec1 Rf7 19. Qd3 f4 20.
Qa6 Qd8 21. Rc4 fxg3 22. hxg3 Bf5 23. Rf4 Ra8 24. Qc4 a5 25. g4 Qg5 26. Kf1
Bd3 27. Qxd3 Qxf4 28. Rc4 Qf6 29. b5 Re8 30. Qc2 Qh4 31. Kg2 Ree7 32. a4 g5
33. e3 Kf8 34. Qc3 Ke8 35. Qc2 Kd8 36. Qb2 Rf8 37. Rc2 h5 38. gxh5 g4 39.
Bd1 Qh3+ 40. Kg1 Rxe3 41. Re2 Rg3+ {White resigns} 0-1

[Event "ICC tourney 2770 (30 10)"]
[Site "Internet Chess Club"]
[Date "2021.12.18"]
[Round "3"]
[White "Gaw, Chloe:HarleyQueen8"]
[Black "HU, ALEXANDER C:ahu1015"]
[Result "0-1"]
[ICCResult "White forfeits on time"]
[WhiteElo "1977"]
[BlackElo "2009"]
[Opening "Grünfeld: exchange variation"]
[ECO "D85"]
[NIC "GI.03"]
[Time "17:00:30"]
[PlyCount "40"]
[TimeControl "1800+10"]

1. d4 Nf6 2. c4 g6 3. Nc3 d5 4. cxd5 Nxd5 5. Nf3 Bg7 6. Qa4+ Nc6 7. e4 Nb6
8. Qc2 O-O 9. d5 Ne5 10. Nb5 c6 11. Nxe5 cxb5 12. Bf4 f5 13. Bxb5 fxe4 14.
Qxe4 Bf5 15. Qe2 Qxd5 16. f3 a6 17. Bc4 Nxc4 18. Nxc4 Be6 19. Rc1 Rxf4 20.
b3 Rd8 {White forfeits on time} 0-1

[Event "ICC tourney 2770 (30 10)"]
[Site "Internet Chess Club"]
[Date "2021.12.18"]
[Round "3"]
[White "PANESAR, VEDANT:fighter098"]
[Black "FILIPOVICH, DAVID MICHAEL:dmfcan"]
[Result "1-0"]
[ICCResult "Black resigns"]
[WhiteElo "2429"]
[BlackElo "2050"]
[Opening "Beefeater defense"]
[ECO "A40"]
[NIC "QO.17"]
[Time "17:00:37"]
[PlyCount "91"]
[TimeControl "1800+10"]

1. d4 g6 2. c4 Bg7 3. Nc3 c5 4. d5 Bxc3+ 5. bxc3 f5 6. h4 Nf6 7. h5 Rg8 8.
hxg6 hxg6 9. Nh3 Qa5 10. Bd2 d6 11. Nf4 Nbd7 12. e4 fxe4 13. Be2 Ne5 14. Qb3
Bf5 15. Qxb7 Kf7 16. Qb5 Qxb5 17. cxb5 g5 18. Nh3 Nxd5 19. Nxg5+ Kf6 20.
Rh6+ Rg6 21. Rxg6+ Kxg6 22. O-O-O Nxc3 23. Bxc3 Kxg5 24. Bxe5 dxe5 25. Rd5
Rc8 26. a4 Kf6 27. g3 Be6 28. Rd2 Rc7 29. Kb2 c4 30. Kc3 a5 31. Rd8 Bc8 32.
Bf1 e6 33. Bg2 Ke7 34. Rh8 Kd6 35. Bxe4 Bb7 36. Bxb7 Rxb7 37. Kxc4 Rf7 38.
Rd8+ Kc7 39. Rd2 Rf3 40. Re2 Kd6 41. b6 Ra3 42. Kb5 Rb3+ 43. Kxa5 Kc6 44.
Rc2+ Kb7 45. Rc7+ Kb8 46. Ka6 {Black resigns} 1-0

[Event "ICC tourney 2770 (30 10)"]
[Site "Internet Chess Club"]
[Date "2021.12.18"]
[Round "3"]
[White "SRIPADA, HAVISH:brilliantnessme"]
[Black "JOHNSON, ANDREW E:phred"]
[Result "1-0"]
[ICCResult "Black resigns"]
[WhiteElo "1925"]
[BlackElo "2012"]
[Opening "French: Winawer (Nimzovich) variation"]
[ECO "C15"]
[NIC "FR.08"]
[Time "17:00:22"]
[PlyCount "107"]
[TimeControl "1800+10"]

1. e4 e6 2. d4 d5 3. Nc3 Bb4 4. exd5 exd5 5. Bd3 Nc6 6. Ne2 Nge7 7. a3 Bxc3+
8. bxc3 Bf5 9. O-O O-O 10. c4 Bxd3 11. cxd3 Qd7 12. Bb2 Nd8 13. Qb3 c6 14.
a4 Re8 15. Nf4 Ng6 16. Nxg6 hxg6 17. Rfe1 Ne6 18. cxd5 Qxd5 19. Qxd5 cxd5
20. g3 Rac8 21. Rac1 Rxc1 22. Rxc1 Rd8 23. a5 a6 24. Kg2 Kf8 25. Rb1 Ke8 26.
Ba3 Rd7 27. Bc5 Nxc5 28. dxc5 Rc7 29. d4 Kd7 30. Rb6 Kc8 31. Kf3 Rc6 32.
Rxc6+ bxc6 33. Kf4 f6 34. g4 Kd7 35. h4 Ke6 36. f3 Kf7 37. h5 gxh5 38. gxh5
g6 39. Kg4 gxh5+ 40. Kxh5 Kg7 41. Kg4 Kg6 42. Kf4 Kg7 43. Kf5 Kf7 44. f4 Kg7
45. Ke6 Kg6 46. Kd6 Kf5 47. Kxc6 Kxf4 48. Kxd5 Ke3 49. c6 f5 50. c7 f4 51.
c8=Q f3 52. Qc1+ Ke2 53. Qc4+ Ke1 54. Qxa6 {Black resigns} 1-0

[Event "ICC tourney 2770 (30 10)"]
[Site "Internet Chess Club"]
[Date "2021.12.18"]
[Round "3"]
[White "HO, CARTER:corviknight"]
[Black "NGUYEN, TIEN:ngthanhthuytien"]
[Result "1-0"]
[ICCResult "Black resigns"]
[WhiteElo "1978"]
[BlackElo "2100"]
[Opening "Sicilian: Najdorf"]
[ECO "B90"]
[NIC "SI.14"]
[Time "17:00:22"]
[PlyCount "101"]
[TimeControl "1800+10"]

1. e4 c5 2. Nf3 d6 3. d4 cxd4 4. Nxd4 Nf6 5. Nc3 a6 6. f3 e6 7. Be3 Nbd7 8.
Qd2 b5 9. O-O-O Bb7 10. g4 h6 11. h4 b4 12. Nce2 d5 13. exd5 Nxd5 14. Ng3
Be7 15. Ne4 Qc7 16. Bg1 N7f6 17. Nxf6+ Bxf6 18. Kb1 Rc8 19. Bd3 Nc3+ 20.
bxc3 bxc3 21. Qc1 Bxd4 22. Bxd4 Bxf3 23. Ka1 Qa5 24. Rhf1 Bd5 25. Qb1 O-O
26. Ba7 Ra8 27. Bb6 Qa3 28. Rf4 Rfc8 29. Be4 Rab8 30. Bxd5 Qd6 31. Rb4 exd5
32. Rd3 Re8 33. a3 a5 34. Bxa5 Ra8 35. Ra4 Qc6 36. Qb3 Reb8 37. Rb4 Rc8 38.
Qxd5 Qf6 39. Ka2 Qf2 40. Rxc3 Rxc3 41. Qxa8+ Kh7 42. Rb2 Rc4 43. Qd5 Rxg4
44. h5 Rg5 45. Qd3+ f5 46. Rb8 Rxh5 47. Qb3 Rh2 48. Qg8+ Kg6 49. Rb6+ Kh5
50. Qe8+ Kh4 51. Be1 {Black resigns} 1-0

[Event "ICC tourney 2770 (30 10)"]
[Site "Internet Chess Club"]
[Date "2021.12.18"]
[Round "3"]
[White "Wan, Caleb:chess-caleb"]
[Black "QUIRKE, JEFFREY L:PawnEatingZombi"]
[Result "0-1"]
[ICCResult "White resigns"]
[WhiteElo "2023"]
[BlackElo "2006"]
[Opening "Caro-Kann: anti-anti-Caro-Kann defense"]
[ECO "B10"]
[NIC "CK.01"]
[Time "17:00:27"]
[PlyCount "90"]
[TimeControl "1800+10"]

1. e4 c6 2. c4 d5 3. exd5 cxd5 4. cxd5 Nf6 5. Qa4+ Nbd7 6. Nc3 g6 7. Bc4 Bg7
8. d3 O-O 9. Nf3 a6 10. Qa3 Nb6 11. Qb3 Nxc4 12. dxc4 b5 13. O-O bxc4 14.
Qxc4 e6 15. d6 Qxd6 16. Rd1 Nd5 17. Nxd5 exd5 18. Qh4 h5 19. Bg5 Re8 20. Rd2
Bg4 21. h3 Bxf3 22. gxf3 Qe6 23. Rad1 d4 24. Rxd4 Qxa2 25. Bf6 Bxf6 26. Qxf6
Qxb2 27. f4 Rad8 28. Rxd8 Qxf6 29. Rxe8+ Kg7 30. Re4 Qf5 31. Re3 Qxf4 32.
Ra1 Qc4 33. Rea3 Qh4 34. R1a2 f5 35. Kg2 Qe4+ 36. f3 Qf4 37. Ra4 Qb8 38. h4
Qd8 39. Rb4 Kh6 40. Rba4 Qe7 41. Kh3 Qe1 42. Kg2 a5 43. Rf2 g5 44. hxg5+
Kxg5 45. Kh2 Qxf2+ {White resigns} 0-1

[Event "ICC tourney 2770 (30 10)"]
[Site "Internet Chess Club"]
[Date "2021.12.18"]
[Round "3"]
[White "XIE, BRYAN:largecrab"]
[Black "SHAWKAT, SAIF:saif-shawkat"]
[Result "1-0"]
[ICCResult "Black checkmated"]
[WhiteElo "2078"]
[BlackElo "1976"]
[Opening "Sicilian: Najdorf"]
[ECO "B90"]
[NIC "SI.14"]
[Time "17:00:40"]
[PlyCount "101"]
[TimeControl "1800+10"]

1. e4 c5 2. Nf3 d6 3. d4 cxd4 4. Nxd4 Nf6 5. Nc3 a6 6. Bd3 e5 7. Nb3 Be7 8.
O-O O-O 9. Bg5 Be6 10. Bxf6 Bxf6 11. Be2 Be7 12. Nd5 Nd7 13. Qd2 Nf6 14.
Nxf6+ Bxf6 15. Rfd1 Be7 16. c3 Qb6 17. Nc1 Rad8 18. Bf3 h6 19. Nd3 a5 20.
Ne1 Bg5 21. Qc2 Qc6 22. b3 Rc8 23. Rd3 b5 24. a4 bxa4 25. Rxa4 Qb6 26. c4 f5
27. Rd1 Rb8 28. Ra3 Qb4 29. Qa2 Bd8 30. Nc2 Qb6 31. exf5 Bxf5 32. Ne3 Bg6
33. Qd2 Kh7 34. Qd5 Qb4 35. Rda1 Bb6 36. Be4 Bxe4 37. Qxe4+ Kh8 38. Nd1 d5
39. Qe2 dxc4 40. bxc4 Bd4 41. R1a2 Ra8 42. Ra4 Qc5 43. Ne3 Rfb8 44. h3 Rb3
45. Nf5 Rb1+ 46. Kh2 Ra7 47. Qe4 Rb8 48. Qg4 Rf8 49. Rxa5 Qc8 50. Rxa7 Qxf5
51. Qxg7# {Black checkmated} 1-0

[Event "ICC tourney 2770 (30 10)"]
[Site "Internet Chess Club"]
[Date "2021.12.18"]
[Round "3"]
[White "POPILSKI, GIL:kurumania"]
[Black "AZAROV, SERGEI:Sergeiaza"]
[Result "1-0"]
[ICCResult "Black forfeits on time"]
[WhiteElo "2514"]
[BlackElo "2650"]
[Opening "Ruy Lopez: closed, Bogolyubov variation"]
[ECO "C91"]
[NIC "RL.20"]
[Time "17:01:17"]
[PlyCount "93"]
[TimeControl "1800+10"]

1. e4 e5 2. Nf3 Nc6 3. Bb5 a6 4. Ba4 Nf6 5. O-O Be7 6. Re1 b5 7. Bb3 d6 8.
c3 O-O 9. d4 Bg4 10. d5 Na5 11. Bc2 Qc8 12. h3 Bd7 13. Bg5 c6 14. dxc6 Qxc6
15. Nbd2 Rfc8 16. Nf1 Nc4 17. Rb1 Be6 18. Ng3 h6 19. Bxf6 Bxf6 20. Nh2 Rab8
21. Ng4 Bg5 22. Nf5 Bxf5 23. exf5 d5 24. Nxe5 Nxe5 25. Rxe5 d4 26. Be4 Qb6
27. cxd4 Rc4 28. Bd5 Qxd4 29. Qe2 Rcc8 30. Rd1 Qa7 31. Bb3 Bf6 32. Red5 Re8
33. Qf3 Qc7 34. g3 Re7 35. R1d2 a5 36. Rc2 Qa7 37. a3 a4 38. Ba2 Rc7 39.
Rcd2 Re7 40. Kh2 Qc7 41. Qd3 b4 42. axb4 Rxb4 43. Rc2 Qb6 44. Rd6 Qa7 45.
Qf3 Rb8 46. Qg4 Rc7 47. Re2 {Black forfeits on time} 1-0

[Event "ICC tourney 2770 (30 10)"]
[Site "Internet Chess Club"]
[Date "2021.12.18"]
[Round "3"]
[White "Belous, Vladimir:Openyagami"]
[Black "Nguyen, Hoa Duc:leoman"]
[Result "1/2-1/2"]
[ICCResult "Game drawn because neither player has mating material"]
[WhiteElo "2567"]
[BlackElo "2465"]
[Opening "English: Neo-Catalan declined"]
[ECO "E06"]
[NIC "RE.11"]
[Time "17:00:46"]
[PlyCount "154"]
[TimeControl "1800+10"]

1. c4 e6 2. Nf3 d5 3. g3 Nf6 4. Bg2 Be7 5. O-O O-O 6. d4 c6 7. Nc3 b6 8. Ne5
Bb7 9. e4 Nbd7 10. exd5 cxd5 11. cxd5 Nxd5 12. Nxd5 exd5 13. Qa4 Nxe5 14.
dxe5 Qe8 15. Qxe8 Rfxe8 16. Rd1 Bc5 17. Bf4 Rad8 18. a3 a5 19. Rd2 h6 20. h4
Rd7 21. Rad1 Red8 22. h5 Bc6 23. Bf3 Ba4 24. Rc1 Bb3 25. Be2 a4 26. Bb5 Re7
27. Kg2 Rc8 28. Ba6 Ra8 29. Be2 Rd8 30. Bd1 Bxd1 31. Rcxd1 Red7 32. Kf3 Kf8
33. g4 Ke7 34. g5 Ke6 35. gxh6 gxh6 36. Bxh6 Rh8 37. Bg7 Rxh5 38. Kg4 Rh7
39. Bf6 d4 40. f4 Kd5 41. e6 Kxe6 42. Bxd4 f5+ 43. Kf3 Bxd4 44. Rxd4 Rh3+
45. Ke2 Rh2+ 46. Ke3 Rh3+ 47. Ke2 Rh2+ 48. Ke3 Rxd4 49. Rxd4 Rxb2 50. Rxa4
Kd5 51. Rd4+ Kc5 52. Rd8 Rb3+ 53. Ke2 Kc4 54. Rf8 Rb2+ 55. Ke3 Rb3+ 56. Ke2
Rb5 57. a4 Rd5 58. Rf6 Ra5 59. Rxb6 Rxa4 60. Re6 Ra2+ 61. Kf3 Ra3+ 62. Kg2
Kd4 63. Re5 Rb3 64. Rxf5 Ke4 65. Rf8 Ra3 66. Rf7 Rb3 67. Rf6 Ra3 68. Rf8 Rb3
69. f5 Ke5 70. Kf2 Ra3 71. Rf7 Rb3 72. Ke2 Ra3 73. Rf8 Rb3 74. Kd2 Rh3 75.
Rf7 Rf3 76. Rf8 Rxf5 77. Rxf5+ Kxf5
{Game drawn because neither player has mating material}
1/2-1/2